 Dungeon Crawl Stone Soup version 0.27-a0-1529-g1e82c303ef (webtiles) character file.

Game seed: 18117831655356924932

93 dickylongcocking the Skirmisher (level 4, -2/35 HPs)
             Began as a Djinni Wanderer on July 12, 2021.
             Slain by a bullfrog skeleton (4 damage)
             ... on level 4 of the Dungeon.
             The game lasted 00:02:16 (2743 turns).

dickylongcocking the Skirmisher (Djinni Wanderer)   Turns: 2743, Time: 00:02:16

Health: -2/35      AC:  3    Str: 10    XL:     4   Next: 92%
Gold:   94         EV: 11    Int: 14    God:
                   SH:  0    Dex: 14

rFire    + . .     SeeInvis .   p - +4 dagger
rCold    . . .     Faith    .   (no shield)
rNeg     . . .     Spirit   .   b - +0 robe
rPois    ∞         Reflect  .   m - +0 helmet
rElec    .         Harm     .   (no cloak)
rCorr    .         Rampage  .   (no gloves)
Will     .....                  (boots unavailable)
Stlth    ++........             (no amulet)
HPRegen  0.11/turn              i - ring of ice
MPRegen  0.00/turn              (no ring)

@: freezing walls, flying
A: sickness immunity, fire resistance 2, cold vulnerability 1, float, innate
caster, hp casting, extra vitality 1
a: no special abilities


You were on level 4 of the Dungeon.
You visited 1 branch of the dungeon, and saw 4 of its levels.

You collected 94 gold pieces.

Inventory:

Hand Weapons
 a - a +2 hand axe
 p - a +4 dagger (weapon)
Armour
 b - a +0 robe (worn)
 m - a +0 helmet (worn)
Jewellery
 i - a ring of ice (left hand)
Wands
 q - a wand of digging (5)
Scrolls
 c - a scroll of enchant weapon {unknown}
 g - 4 scrolls of identify {unknown}
 j - 2 scrolls of brand weapon {unknown}
 l - a scroll of teleportation {unknown}
 r - a scroll of fog {unknown}
 s - a scroll of fear {unknown}
Potions
 d - a potion of brilliance {unknown}
 e - a potion of degeneration {unknown}
 f - a potion of mutation {unknown}
 h - 2 potions of curing {unknown}
 k - 2 potions of resistance {unknown}
 n - a potion of flight {unknown}
 o - a potion of heal wounds {unknown}


   Skills:
 * Level 3.5 Fighting
 - Level 1.5 Axes
 - Level 1.0 Armour
 - Level 1.0 Stealth
 * Level 3.3 Spellcasting
 - Level 1.0 Evocations


You couldn't memorise any spells.
You knew the following spells:

 Your Spells              Type           Power      Damage    Failure   Level
a - Freeze                Ice            68%        1d8       5%          1
b - Sandblast             Erth           22%        2d7       5%          1
c - Animate Skeleton      Necr           22%        N/A       5%          1
d - Stone Arrow           Conj/Erth      22%        3d8       16%         3
f - Frozen Ramparts       Ice            34%        1d5       16%         3

Your spell library contained the following spells:

 Spells                   Type           Power      Damage    Failure   Level


Dungeon Overview and Level Annotations

Branches:
Dungeon (4/15)
 Temple: D:4-7

Altars:
Dithmenos

Shops:
D:2 :   D:3 =


Innate Abilities, Weirdness & Mutations

You are immune to sickness and miasma.
You are immune to poison.
Your flesh is very heat resistant. (rF++)
You are vulnerable to cold. (rC-)
You float through the air rather than walking.
You learn spells naturally, not from books.
Your magical power is your life essence.
You have superior vitality. (+4 HP)


Message History

The bullfrog skeleton closely misses you.
The ufetubus closely misses you. The ufetubus hits you.
The bullfrog skeleton hits you but does no damage.
You hit the bullfrog skeleton.
The bullfrog skeleton is moderately damaged.
The ufetubus hits you. The ufetubus misses you. The bullfrog skeleton hits you.
The ufetubus hits you but does no damage.
The ufetubus completely misses you.
You are too injured to fight recklessly!
The bullfrog skeleton hits you. The ufetubus hits you.
The ufetubus hits you but does no damage.
The ufetubus hits you. x2
The bullfrog skeleton barely misses you.
The hound skeleton bites you but does no damage.
Casting: Sandblast (safe; 5% risk of failure)
Confirm with . or Enter, or press ? or * to list all spells.
Okay, then.
The ufetubus hits you but does no damage.
The ufetubus hits you.
* * * LOW HITPOINT WARNING * * *
The ufetubus completely misses you. The ufetubus closely misses you.
The bullfrog skeleton hits you.
* * * LOW HITPOINT WARNING * * *
Casting: Sandblast (safe; 5% risk of failure)
Confirm with . or Enter, or press ? or * to list all spells.
The spell is quite dangerous to cast (16% risk of failure)!
Continue anyway?
Casting: Frozen Ramparts (quite dangerous; 16% risk of failure)
Press: ? - help, Dir - look around, f - activate You feel a surge of power!
The walls around you are covered in ice.
* * * LOW HITPOINT WARNING * * *
The hound skeleton completely resists.
The wall freezes the hound skeleton but does no damage.
The ufetubus resists.
The wall freezes the ufetubus.
The ufetubus misses you. The ufetubus hits you.
* * * LOW HITPOINT WARNING * * *
The bullfrog skeleton completely resists.
The wall freezes the bullfrog skeleton but does no damage.
The bullfrog skeleton hits you.
You die...

###......##.# #............
#......##.# #............
##......##.###...........#
#........##..##...........#
#............##...........#
#...#####.....#.$.).......#
#... #.....#Z...........
#... #.....#Z5.........$ #.
#.....#@#########..
#####...# . ##..# #..# #..#
#..# ##.# .># ##


You could see an ufetubus, a hound skeleton and a bullfrog skeleton.

Vanquished Creatures
  Robin (D:2)
  An adder (D:2)
  2 orcs (D:3)
  4 endoplasms
  2 giant cockroaches (D:1)
  11 goblins
  5 hobgoblins
  14 jackals
  3 quokkas
  6 ball pythons
  6 bats
  4 kobolds
  2 rats
61 creatures vanquished.

Notes
Turn   | Place    | Note
-------+----------+-------------------------------------------
     0 | D:1      | dickylongcocking the Djinni Wanderer began the quest for
                  | the Orb.
     0 | D:1      | Reached XP level 1. HP: 18/18 MP: 0/0
    74 | D:1      | Reached XP level 2. HP: 16/23 MP: 0/0
   688 | D:1      | Reached XP level 3. HP: 29/29 MP: 0/0
   688 | D:1      | Learned a level 1 spell: Animate Skeleton
   880 | D:1      | Found a faded altar of an unknown god.
  1337 | D:2      | Noticed Robin
  1348 | D:2      | Killed Robin
  1349 | D:2      | Reached XP level 4. HP: 25/35 MP: 0/0
  1712 | D:2      | Found a shadowy altar of Dithmenos.
  2079 | D:2      | Found Voirphiot's Book Shop.
  2195 | D:3      | Found Heanwas's Jewellery Emporium.
  2743 | D:4      | Slain by a bullfrog skeleton

Illustrated notes

Levels and vault maps discovered:
D:1:      dpeg_arrival_connections, layout_basic,
          hellmonk_ecumenical_altar_heavens_door
D:2:      layout_loops_ring, serial_shops, nicolae_shop_stone, basic_altar,
          uniq_robin
D:3:      layout_rooms, serial_shops, shop, hangedman_feature_mirror
D:4:      layout_basic

Skill      XL: |  1  2  3 |
---------------+----------+-----
Spellcasting   | 3 |  3.3
Fighting       | 3 |  3.5
Axes           | |  1.5
Armour         | |  1.0
Stealth        | |  1.0
Evocations     | |  1.0

Action                   |  1- 3 |  4- 6 || total
-------------------------+-------+-------++-------
Melee: Hand axe          |    69 |    26 ||    95
       Dagger            |       |    37 ||    37
 Cast: Freeze            |     1 |     4 ||     5
       Frozen Ramparts   |     2 |     1 ||     3
 Stab: Sleeping          |     1 |     3 ||     4
Armor: Robe              |    20 |    37 ||    57
Dodge: Dodged            |    55 |    60 ||   115

Table legend: (Time is in decaauts)
 A = Elapsed time spent in this place.
 B = Non-inter-level travel time spent in this place.
 C = Inter-level travel time spent in this place.
 D = Time resting spent in this place.
 E = Time spent auto-exploring this place.
 F = Levels seen in this place.
 G = Mean time per level.
                   A        B        C        D        E       F      G
               +--------+--------+--------+--------+--------+-----+--------+
         Total |   2762 |   2717 |     45 |     88 |   2232 |   4 |  690.5 |
       Dungeon |   2762 |   2717 |     45 |     88 |   2232 |   4 |  690.5 |
               +--------+--------+--------+--------+--------+-----+--------+

Top non-repeatable levels by time:
     D:1: 1175 daAuts
     D:2: 1038 daAuts
     D:3: 513 daAuts
     D:4: 34 daAuts
